 Dungeon Crawl Stone Soup version 0.31.0-9-g3a7656b989 (webtiles) character file.

Game seed: 6955741500168545376

63 qw the Shooter (level 3, -1/20 HPs)
             Began as a Deep Elf Hunter on Feb 3, 2024.
             Slain by a goblin
             ... wielding a +0 dagger
             ... led by Robin
              (2 damage)
             ... on level 2 of the Dungeon.
             The game lasted 00:00:07 (1282 turns).

qw the Shooter (Deep Elf Hunter)                    Turns: 1282, Time: 00:00:07

Health: -1/20      AC:  7    Str: 10    XL:     3   Next: 87%
Magic:  5/5        EV:  9    Int: 13    God:
Gold:   96         SH:  0    Dex: 18    Spells: 2/2 levels left

rFire   . . .        j - +0 arbalest (flame)
rCold   . . .        (shield currently unavailable)
rNeg    . . .        i - +0 scale mail of Hadjma {+Inv Will++}
rPois   .            b - +1 hat
rElec   .            (no cloak)
rCorr   .            (no gloves)
SInv    .            (no boots)
Will    ++...        (no amulet)
Stlth   +            (no ring)
HPRegen 0.23/turn    (no ring)
MPRegen 0.09/turn

%: no passive effects
@: no status effects
A: no striking features
a: Evoke Invisibility


You were on level 2 of the Dungeon.
You visited 1 branch of the dungeon, and saw 2 of its levels.

You collected 96 gold pieces.


   Skills:
 - Level 1.5 Fighting
 + Level 7.3 Ranged Weapons
 - Level 2.4 Dodging
 - Level 1.2 Stealth


You had 2 spell levels left.
You didn't know any spells.
Your spell library was empty.

Inventory:

Hand Weapons
 j - a +0 arbalest of flaming (weapon)
Armour
 b - a +1 hat (worn)
 c - the +5 ring mail "Lifrag" {Int+4}
   (You found it on level 2 of the Dungeon)

   Int+4:     It affects your intelligence (+4).
 g - a +0 ring mail
 i - the +0 scale mail of Hadjma (worn) {+Inv Will++}
   (You acquired it on level 1 of the Dungeon)

   Will++:    It greatly increases your willpower.
   +Inv:      It lets you turn invisible.
Jewellery
 e - a ring of ice
Wands
 k - a wand of paralysis (11)
Scrolls
 a - a scroll of enchant armour {unknown}
Potions
 f - 3 potions of heal wounds

Dungeon Overview and Level Annotations

Branches:
Dungeon (2/15)

Altars:

Annotations:
D:2 Robin


Message History

There is a large open door here.
There is a large open door here.
There is an open door here.
There is a large open door here.
There is a large open door here.
Found a mace.
You see here a +0 mace.
Robin and a goblin come into view.
The goblin shouts!
The goblin moves out of view.
You shoot a bolt. The bolt hits Robin!
The bolt burns Robin.
Robin is severely wounded.
You hear a shout!
Robin roars a battlecry!
A goblin comes into view. It is wielding a +0 club.
Robin throws the goblin at you! The goblin hits you with a +0 dagger.
You hear a shout!
You shoot a bolt.
The bolt hits the goblin but does no damage.
The goblin closely misses you. The goblin misses you.
A goblin comes into view. It is wielding a +0 dagger.
The goblin hits you with a +0 club.
You shoot a bolt. The bolt hits the goblin!
The bolt burns the goblin.
You kill the goblin!
The goblin hits you with a +0 dagger. The goblin hits you but does no damage.
You shoot a bolt. The bolt closely misses Robin.
Robin hits you with a +0 whip. The goblin barely misses you.
Robin hits you with a +0 whip. The goblin hits you with a +0 dagger.
You shoot a bolt. The bolt closely misses Robin.
Robin points. "Kill!"
Robin throws the goblin at you! The goblin barely misses you.
The goblin hits you but does no damage. Robin barely misses you.
The goblin hits you but does no damage. The goblin hits you with a +0 dagger.
A goblin comes into view. It is wielding a +0 dagger.
You shoot a bolt. The bolt barely misses Robin.
Robin roars a battlecry!
The goblin goes into a battle-frenzy!
The goblin hits you with a +0 dagger. The goblin barely misses you.
Robin hits you but does no damage. The goblin hits you with a +0 dagger.
You die...

#........#......#........
#....###.#......#........
#....# #)#......#....)...
#....# #.#......#........
#....# #.#...............
#....# #.#.......#%......
#....# #.#....#..%%######
#....# #g#.#..##.#.# #....#
#@###..##.#.# #######....#
#gg.....#.#.# #.........##
###..#..#.#.###### #........[#
###..#.##.#.......
#.........####......(..#.......
#............%.####.####.......
#..............+ ..# ##......
#..............# ..# #......
#..............# ..# #......


You could see Robin and 2 goblins.

Vanquished Creatures
  An adder (D:2)
  3 dart slugs (D:1)
  4 bats (D:2)
  3 endoplasms
  3 giant cockroaches
  6 goblins
  11 hobgoblins
  2 frilled lizards
  3 kobolds (D:1)
  5 rats (D:1)
41 creatures vanquished.

Notes
Turn   | Place    | Note
-------+----------+-------------------------------------------
     0 | D:1      | qw the Deep Elf Hunter began the quest for the Orb.
     0 | D:1      | Reached XP level 1. HP: 12/12 MP: 3/3
     0 | D:1      | 0 ||| qw: Version: 0.3-a-155-g5e7d8dd
     0 | D:1      | 0 ||| qw: Game counter: 3003
     0 | D:1      | 0 ||| qw: Melee chars always use a shield: true
     0 | D:1      | 0 ||| qw: God list: Okawaru
     0 | D:1      | 0 ||| qw: Allow faded altars: false
     0 | D:1      | 0 ||| qw: Do Orc after clearing Dungeon:15 true
     0 | D:1      | 0 ||| qw: Do second Lair branch before Depths: true
     0 | D:1      | 0 ||| qw: Lair rune preference: random
     0 | D:1      | 0 ||| qw: Goals: Normal
     0 | D:1      | 0 ||| PLANNING D:1-11
   180 | D:1      | You fall into a shaft and drop 1 floor!
   230 | D:2      | 230 ||| UPGRADING to +0 ring mail.
   240 | D:2      | 240 ||| DROPPING +0 leather armour.
   241 | D:2      | 241 ||| DROPPING ring of magical power.
   242 | D:2      | 242 ||| READING scroll labelled BEIFENY ELLAL.
   242 | D:2      | 242 ||| ENCHANTING +0 shortbow.
   243 | D:2      | 243 ||| READING scroll labelled MUXZUH OCISU.
   244 | D:2      | 244 ||| READING scroll labelled LICLAR TYANG.
   244 | D:2      | 244 ||| IDENTIFYING metallic yellow potion
   245 | D:2      | 245 ||| DROPPING scroll of butterflies.
   270 | D:1      | Reached skill level 6 in Ranged Weapons
   270 | D:1      | Reached XP level 2. HP: 16/16 MP: 4/4
   505 | D:1      | Reached XP level 3. HP: 20/20 MP: 5/5
   739 | D:1      | 739 ||| UPGRADING to +1 hat.
   744 | D:1      | 744 ||| READING 3 scrolls labelled ORUFYR OREMNEC.
   744 | D:1      | Identified 3 scrolls of acquirement
   744 | D:1      | 744 ||| ACQUIRING +0 scale mail of Hadjma {+Inv Will++}
   744 | D:1      | Acquired the +0 scale mail of Hadjma {+Inv Will++}
   746 | D:1      | 746 ||| UPGRADING to +0 scale mail of Hadjma {+Inv Will++}.
   756 | D:1      | 756 ||| READING 2 scrolls of acquirement.
   756 | D:1      | 756 ||| ACQUIRING +0 arbalest of flaming
   756 | D:1      | Acquired a +0 arbalest of flaming
   758 | D:1      | 758 ||| SWAPPING to +0 arbalest of flaming.
   759 | D:1      | 759 ||| DROPPING +1 shortbow.
   760 | D:1      | 760 ||| READING scroll of acquirement.
   760 | D:1      | 760 ||| ACQUIRING +8 orcbow "Canae" {antimagic, ^Contam Fly
                  | rC+ rCorr}
   760 | D:1      | Acquired the +8 orcbow "Canae" {antimagic, ^Contam Fly rC+
                  | rCorr}
   761 | D:1      | 761 ||| READING scroll labelled TIKLOT BOLYDOC.
   762 | D:1      | 762 ||| READING scroll labelled FYB TIPLYCICU.
   929 | D:2      | Reached skill level 7 in Ranged Weapons
  1084 | D:2      | Identified the +5 ring mail "Lifrag" {Int+4}
  1276 | D:2      | Noticed Robin
  1282 | D:2      | HP: 1/20 [goblin/+0 dagger[Robin] (5)]
  1282 | D:2      | Slain by a goblin

Levels and vault maps discovered:
D:1:      spicycebolla_green_bress_n_ham_2, layout_basic, serial_bayou,
          serial_bayou_crossing, serial_bayou_ford_a, serial_bayou_pond_e,
          serial_bayou_shore_b, serial_bayou_lagoon_a, serial_bayou_lagoon_b
D:2:      layout_basic, uniq_robin

Skill      XL: |  1  2  3 |
---------------+----------+-----
Ranged Weapons | 6 7 |  7.3
Fighting       | |  1.5
Dodging        | |  2.4
Stealth        | |  1.2

Action                     || total
---------------------------++-------
   Fire: Shortbow          ||    85
         Arbalest          ||    58
    Use: Scroll            ||     8
 Armour: Ring mail         ||     7
         Scale mail        ||    50
  Dodge: Dodged            ||    52

Table legend:
 A = Non-vault XP
 B = Vault XP
 C = Vault XP percentage of total XP
 D = Non-vault monster count
 E = Vault monster count
 F = Vault count percentage of total count
                 A         B        C        D         E       F
            +---------+---------+-------+---------+---------+-------
      Total |      86 |       4 |   4.4 |      39 |       2 |   4.9
            +---------+---------+-------+---------+---------+-------
        D:1 |      46 |       0 |   0.0 |      24 |       0 |   0.0
        D:2 |      40 |       4 |   9.1 |      15 |       2 |  11.8
            +---------+---------+-------+---------+---------+-------
